 Dungeon Crawl Stone Soup version 0.31-a0-237-g2d982f9f85 (webtiles) character file.

Game seed: 3884908989503174481

84 qw the Shooter (level 4, -2/36 HPs)
             Began as a Minotaur Hexslinger on July 11, 2023.
             Slain by Robin
             ... wielding a +0 trident
              (5 damage)
             ... on level 3 of the Dungeon.
             The game lasted 00:00:40 (1484 turns).

qw the Shooter (Minotaur Hexslinger)                Turns: 1484, Time: 00:00:41

Health: -2/36      AC:  5    Str: 12    XL:     4   Next: 24%
Magic:  4/4        EV: 11    Int: 10    God:
Gold:   15         SH:  0    Dex: 15    Spells: 4/5 levels left

rFire   . . .        Y - +1 sling
rCold   + . .        (no shield)
rNeg    . . .        f - +0 ring mail
rPois   .            (helmet restricted)
rElec   .            (no cloak)
rCorr   .            (no gloves)
SInv    .            (no boots)
Will    .....        (no amulet)
Stlth   +            h - ring of protection from cold
HPRegen 0.26/turn    (no ring)
MPRegen 0.09/turn

%: no passive effects
@: no status effects
A: horns 2, retaliatory headbutt
a: no special abilities


You were on level 3 of the Dungeon.
You visited 1 branch of the dungeon, and saw 3 of its levels.

You collected 75 gold pieces.
You spent 60 gold pieces at shops.


Innate Abilities, Weirdness & Mutations

You have a pair of horns on your head.
You reflexively headbutt those who attack you in melee.


   Skills:
 - Level 2.0 Fighting
 + Level 4.6 Ranged Weapons
 - Level 1.0 Armour
 - Level 2.1 Dodging
 - Level 1.0 Spellcasting
 - Level 2.0 Hexes


You had 4 spell levels left.
You knew the following spells:

 Your Spells              Type           Power      Damage    Failure   Level
a - Slow                  Hex            16%        N/A       34%         1

Your spell library contained the following spells:

 Spells                   Type           Power      Damage    Failure   Level
 Inner Flame              Hex/Fire       2%         N/A       83%         3
 Portal Projectile        Hex/Tloc       4%         N/A       83%         3
 Cause Fear               Hex            2%         N/A       98%         4

Inventory:

Hand Weapons
 Y - a +1 sling (weapon)
Armour
 f - a +0 ring mail (worn)
Jewellery
 h - a ring of protection from cold (left hand)
Scrolls
 i - a scroll of identify
Potions
 c - 4 potions of curing
 d - a potion of enlightenment
 e - a potion of mutation
 k - a potion of invisibility {unknown}

Dungeon Overview and Level Annotations

Branches:
Dungeon (3/15)

Altars:

Shops:
D:2 !

Annotations:
D:3 Grinder, Robin


Message History

Grinder is lightly wounded.
You float gracefully downwards.
The goblin barely misses you.
Robin roars a battlecry!
The goblins go into a battle-frenzy!
Grinder blinks!
The goblin hits you with a +0 dagger.
You hear a shout!
1476 ||| Stepping ~*~*~tactically~*~*~ (outnumbered).
You shoot a sling bullet. The sling bullet hits the goblin.
You kill the goblin!
Robin throws the goblin at you! The goblin closely misses you.
Your Armour skill increases to level 1!
You shoot a sling bullet.
The sling bullet barely misses the goblin.
Your enlightenment fades.
Robin roars a battlecry!
The goblin hits you with a +0 dagger.
You hear a shout! x2
You shoot a sling bullet.
The sling bullet barely misses the goblin.
You hear a shout!
Robin hits you but does no damage. The goblin closely misses you.
You furiously retaliate!
You headbutt the goblin!
You kill the goblin!
You shoot a sling bullet.
The sling bullet completely misses Robin.
Robin misses you.
You shoot a sling bullet. The sling bullet hits Robin.
Robin is moderately wounded.
Robin misses you. Robin barely misses you.
You shoot a sling bullet. The sling bullet barely misses Robin.
Robin barely misses you.
You shoot a sling bullet. The sling bullet hits Robin.
Robin is severely wounded.
Robin roars a battlecry!
You hear a shout!
You shoot a sling bullet. The sling bullet hits Robin.
Robin is severely wounded.
Robin barely misses you.
Robin hits you from afar with a +0 trident.
You die...

### ...###
....# #.#.#
#.#.####
g.g####g.....
.g).5g!..)#
###g#.###
#@))...[#
#)#....<#
#.#.#...#
#.#.#...#
..#.#...#
###.#.....
........
.....####
..#..


You could see Robin.

Vanquished Creatures
  2 adders (D:2)
  A dart slug (D:2)
  2 ball pythons (D:1)
  5 bats
  4 endoplasms
  A giant cockroach (D:1)
  14 goblins
  4 hobgoblins (D:2)
  6 jackals
  5 quokkas
  3 frilled lizards
  5 kobolds
  5 rats
57 creatures vanquished.

Notes
Turn   | Place    | Note
-------+----------+-------------------------------------------
     0 | D:1      | qw the Minotaur Hexslinger began the quest for the Orb.
     0 | D:1      | Reached XP level 1. HP: 16/16 MP: 1/1
     0 | D:1      | 0 ||| qw: Version: 0.3-a-52-g30416fa
     0 | D:1      | 0 ||| qw: Game counter: 5433
     0 | D:1      | 0 ||| qw: Melee chars always use a shield: true
     0 | D:1      | 0 ||| qw: God list: Okawaru
     0 | D:1      | 0 ||| qw: Allow faded altars: false
     0 | D:1      | 0 ||| qw: Do Orc after clearing Dungeon:15 true
     0 | D:1      | 0 ||| qw: Do second Lair branch before Depths: true
     0 | D:1      | 0 ||| qw: Lair rune preference: random
     0 | D:1      | 0 ||| qw: Goals: Normal
     0 | D:1      | 0 ||| PLANNING D:1-11
   124 | D:1      | Reached skill level 3 in Ranged Weapons
   124 | D:1      | Reached XP level 2. HP: 23/23 MP: 2/2
   614 | D:1      | Reached XP level 3. HP: 29/29 MP: 3/3
   682 | D:1      | 682 ||| UPGRADING to +0 leather armour.
   692 | D:1      | 692 ||| DROPPING +0 robe.
   693 | D:1      | 693 ||| DROPPING ring of flight.
   694 | D:1      | 694 ||| READING scroll labelled XUBRICE LIFAODGH.
   695 | D:1      | 695 ||| DROPPING scroll of poison.
   778 | D:2      | Found Coamy's Distillery.
   803 | D:2      | 803 ||| SHOPLISTING 2 potions of haste (200 gold, have 65).
   803 | D:2      | 803 ||| BUYING potion of curing (30 gold).
   803 | D:2      | Bought a potion of curing for 30 gold pieces
   803 | D:2      | 803 ||| BUYING potion of curing (30 gold).
   803 | D:2      | Bought a potion of curing for 30 gold pieces
   803 | D:2      | 803 ||| SHOPLISTING potion of haste (100 gold, have 5).
   919 | D:2      | Reached skill level 4 in Ranged Weapons
  1140 | D:2      | HP: 7/29 [poisoned by an adder]
  1290 | D:2      | Reached XP level 4. HP: 36/36 MP: 4/4
  1420 | D:2      | 1420 ||| UPGRADING to +0 ring mail.
  1430 | D:2      | 1430 ||| DROPPING +0 leather armour.
  1431 | D:2      | 1431 ||| UPGRADING to ring of protection from cold.
  1432 | D:2      | 1432 ||| READING scroll labelled EMEVYI LADAGAO.
  1433 | D:2      | 1433 ||| READING scroll labelled POOQYB JU WYFO.
  1434 | D:2      | 1434 ||| READING 3 scrolls labelled PAEDAJ EQALOSU.
  1435 | D:2      | 1435 ||| READING scroll labelled EXAKAI INICK.
  1436 | D:2      | 1436 ||| DRINKING 2 black potions.
  1437 | D:2      | 1437 ||| READING 2 scrolls of identify.
  1437 | D:2      | 1437 ||| IDENTIFYING bubbling black potion
  1451 | D:3      | Noticed Grinder
  1453 | D:3      | Noticed Robin
  1454 | D:3      | 1454 ||| Stepping ~*~*~tactically~*~*~ (outnumbered).
  1456 | D:3      | 1456 ||| Stepping ~*~*~tactically~*~*~ (outnumbered).
  1474 | D:3      | HP: 6/36 [Grinder (5)]
  1476 | D:3      | 1476 ||| Stepping ~*~*~tactically~*~*~ (outnumbered).
  1478 | D:3      | Reached skill level 1 in Armour
  1478 | D:3      | HP: 1/36 [goblin/+0 dagger[Robin] (3)]
  1484 | D:3      | Slain by Robin

Levels and vault maps discovered:
D:1:      mrwooster_arrival_statue_3, layout_loops_ring
D:2:      minmay_door_path, layout_rooms, serial_shops,
          nicolae_shop_just_a_little_nook
D:3:      layout_loops_ring, kennysheep_ying_yang,
          corexii_item_surrounded_by_moat, uniq_jessica, uniq_grinder,
          uniq_robin

Skill      XL: |  1  2  3  4 |
---------------+-------------+-----
Ranged Weapons | 3 4 |  4.6
Fighting       | 2 |  2.0
Armour         | 1 |  1.0
Dodging        | |  2.1
Spellcasting   | |  1.0
Hexes          | |  2.0

Action                     |  1- 3 |  4- 6 || total
---------------------------+-------+-------++-------
   Fire: Sling             |   107 |    48 ||   155
    Use: Scroll            |     1 |     5 ||     6
         Potion            |       |     1 ||     1
 Armour: Robe              |     7 |       ||     7
         Leather armour    |     7 |       ||     7
         Ring mail         |       |     5 ||     5
  Dodge: Dodged            |    49 |    23 ||    72

Table legend:
 A = Non-vault XP
 B = Vault XP
 C = Vault XP percentage of total XP
 D = Non-vault monster count
 E = Vault monster count
 F = Vault count percentage of total count
                 A         B        C        D         E       F
            +---------+---------+-------+---------+---------+-------
      Total |      90 |      31 |  25.6 |      46 |      11 |  19.3
            +---------+---------+-------+---------+---------+-------
        D:1 |      41 |       0 |   0.0 |      25 |       0 |   0.0
        D:2 |      45 |      18 |  28.6 |      19 |       4 |  17.4
        D:3 |       4 |      13 |  76.5 |       2 |       7 |  77.8
            +---------+---------+-------+---------+---------+-------
